 Dungeon Crawl Stone Soup version 0.31-a0-1338-gb567cfdca4 (webtiles) character file.

Game seed: 6867776235761080451

90 gelatine the Ruffian (level 4, -1/32 HPs)
             Began as a Demonspawn Shapeshifter on Dec 23, 2023.
             Slain by a black bear (4 damage)
             ... on level 3 of the Dungeon.
             The game lasted 00:04:17 (1849 turns).

gelatine the Ruffian (Demonspawn Shapeshifter)      Turns: 1849, Time: 00:04:18

Health: -1/32      AC:  2    Str: 17    XL:     4   Next: 32%
Magic:  5/5        EV: 12    Int: 10    God:
Gold:   124        SH:  0    Dex: 12    Spells: 4/4 levels left

rFire   . . .        o - +4 falchion
rCold   . . .        (no shield)
rNeg    . . .        a - +0 animal skin
rPois   .            (helmet currently unavailable)
rElec   .            (cloak currently unavailable)
rCorr   .            (gloves currently unavailable)
SInv    .            (boots currently unavailable)
Will    .....        (no amulet)
Stlth   +            (no ring)
HPRegen 0.25/turn    (no ring)
MPRegen 0.09/turn

%: no passive effects
@: beast-form
A: beast (slay +1), demonic magic 1, weakness stinger 1
a: Begin Untransformation


You were on level 3 of the Dungeon.
You were a hulking beast.
You visited 1 branch of the dungeon, and saw 3 of its levels.

You collected 124 gold pieces.

Inventory:

Hand Weapons
 o - a +4 falchion (weapon)
Armour
 a - a +0 animal skin (worn)
Talismans
 c - a beast talisman
 d - a flux talisman
 l - a serpent talisman
 n - a blade talisman
Wands
 m - a wand of quicksilver (8)
Scrolls
 e - 3 scrolls of noise {unknown}
 f - a scroll of teleportation {unknown}
 h - a scroll of enchant weapon {unknown}
 k - a scroll of identify {unknown}
 p - a scroll of blinking {unknown}
Potions
 b - a potion of lignification
 g - a potion of invisibility {unknown}
 i - a potion of heal wounds
 j - a potion of brilliance {unknown}


   Skills:
 * Level 1.3 Fighting
 * Level 2.1 Dodging
 + Level 0.3 Stealth
 * Level 3.5 Unarmed Combat
 * Level 0.7 Spellcasting
 * Level 3.3 Shapeshifting


You had 4 spell levels left.
You didn't know any spells.
Your spell library contained the following spells:

 Spells                   Type           Power      Damage    Failure   Level
 Tukima's Dance           Hex            0%         N/A       71%         3
 Passage of Golubria      Tloc           0%         N/A       98%         4
 Yara's Violent Unravell  Hex/Alch       0%         3d3       100%        5


Dungeon Overview and Level Annotations

Branches:
Dungeon (3/15)

Altars:


Innate Abilities, Weirdness & Mutations

You are a hulking beast.
Your limbs bulge with bestial killing power. (Slay +1)
Spells you cast may paralyse adjacent enemies.
You have a small tail.


Message History

Unknown command.
p - a scroll labelled FOPEYL UFAPP
Found a stone staircase leading down.
A black bear comes into view.
The black bear growls angrily.
You hear a shout!
Nothing quivered!
An adder comes into view.
You hit the black bear.
The black bear is lightly wounded.
A goblin comes into view. It is wielding a +0 dagger.
The black bear bites you but does no damage.
The black bear claws you. x2
You hit the black bear.
The black bear is moderately wounded.
The black bear misses you.
The black bear claws you but does no damage.
The black bear barely misses you.
You hit the black bear but do no damage.
The black bear is moderately wounded.
The black bear barely misses you. The black bear closely misses you.
The black bear claws you.
The black bear bites you but does no damage.
The black bear barely misses you. The black bear claws you.
You barely miss the black bear. You tail-slap the black bear.
The black bear is moderately wounded.
The black bear bites you. The black bear claws you. x2
You hit the black bear.
The black bear is heavily wounded.
The black bear bites you.
* * * LOW HITPOINT WARNING * * *
The black bear claws you but does no damage.
The black bear claws you.
* * * LOW HITPOINT WARNING * * *
Aiming: Quicksilver Bolt
Press: ? - help, Q - select action Shift-Dir - straight line, f - black bear
Aim: a black bear (heavily wounded, 79% to hit)
The bolt of dispelling energy misses the black bear.
The bolt of dispelling energy misses the adder.
The black bear barely misses you. The black bear claws you.
You die...

##.............#.##..###.##
#........#####.............
#........# #.#.....###.##
#........#####.#.....# .#
##...................# .##
........####...#...#.# ...
####....#### ###.....###...
#.......# ##.....)....
#....##h# ##.#####.#<
#.##.##h# #<####.... #.
#.>gS# #......... #. ......
######.... ####.. .#. #.#.
.#. #... ... #....


You could see a black bear, an adder and a goblin.

Vanquished Creatures
  An orc wizard (D:3)
  3 adders (D:2)
  A dart slug (D:1)
  3 orcs (D:3)
  4 bats
  4 endoplasms
  2 giant cockroaches (D:1)
  5 goblins
  A hobgoblin (D:1)
  3 ball pythons (D:2)
  A frilled lizard (D:2)
  2 kobolds (D:1)
  5 rats
35 creatures vanquished.

Notes
Turn   | Place    | Note
-------+----------+-------------------------------------------
     0 | D:1      | gelatine the Demonspawn Shapeshifter began the quest for
                  | the Orb.
     0 | D:1      | Reached XP level 1. HP: 15/15 MP: 1/1
   317 | D:1      | Gained mutation: Spells you cast may paralyse adjacent
                  | enemies. [demonic ancestry]
   317 | D:1      | Reached XP level 2. HP: 18/21 MP: 2/2
   836 | D:2      | Reached XP level 3. HP: 25/26 MP: 3/3
  1039 | D:2      | Found a faded altar of an unknown god.
  1695 | D:3      | Gained mutation: You have a small tail. [demonic ancestry]
  1695 | D:3      | Reached XP level 4. HP: 10/32 MP: 3/5
  1838 | D:3      | Noticed a black bear
  1849 | D:3      | Slain by a black bear

Illustrated notes

Levels and vault maps discovered:
D:1:      spicycebolla_arrival_clurvy, layout_basic
D:2:      layout_loops_cross, basic_altar, hellmonk_ecumenical_altar_lost_god,
          nicolae_houndstooth_variations
D:3:      layout_loops_ring, slow_altar_1

Skill      XL: |  1  2  3 |
---------------+----------+-----
Shapeshifting  | 3 |  3.3
Unarmed Combat | 3 |  3.5
Dodging        | 2 |  2.1
Fighting       | |  1.3
Stealth        | |  0.3
Spellcasting   | |  0.7

Action                     |  1- 3 |  4- 6 || total
---------------------------+-------+-------++-------
  Melee: Unarmed           |   124 |       ||   124
         Falchion          |       |     5 ||     5
         Tailslap          |       |     1 ||     1
  Evoke: Wand              |       |     1 ||     1
    Use: Potion            |     3 |       ||     3
   Stab: Sleeping          |     1 |       ||     1
 Armour: Animal skin       |    80 |    14 ||    94
         Skin              |     3 |       ||     3
  Dodge: Dodged            |    74 |     6 ||    80

Table legend: (Time is in decaauts)
 A = Elapsed time spent in this place.
 B = Non-inter-level travel time spent in this place.
 C = Inter-level travel time spent in this place.
 D = Time resting spent in this place.
 E = Time spent auto-exploring this place.
 F = Levels seen in this place.
 G = Mean time per level.
                   A        B        C        D        E       F      G
               +--------+--------+--------+--------+--------+-----+--------+
         Total |   1843 |   1816 |     27 |      0 |   1479 |   3 |  614.3 |
       Dungeon |   1843 |   1816 |     27 |      0 |   1479 |   3 |  614.3 |
               +--------+--------+--------+--------+--------+-----+--------+

Top non-repeatable levels by time:
     D:2: 943 daAuts
     D:1: 708 daAuts
     D:3: 191 daAuts
